[Event "FISCA IM Round Robin 2022"]
[Site "Cap Aurora"]
[Date "2022.06.26"]
[Round "6.5"]
[White "Voiteanu, Gabriel"]
[Black "Sanz Wawer, Daniel"]
[Result "1-0"]
[ECO "E15"]
[WhiteElo "2189"]
[BlackElo "2363"]
[Annotator "TA"]
[PlyCount "104"]
[EventDate "2022.06.22"]
[EventType "tourn"]
[EventCountry "ROU"]
[SourceTitle "playchess.com"]
[Source "ChessBase"]
[SourceQuality "1"]
[TimeControl "40/5400+30:900+30"]

1. d4 Nf6 2. c4 e6 3. Nf3 b6 4. g3 Ba6 5. Qc2 c5 6. d5 {[%emt 0:00:57] Inhibits Nc6. E15: Queen's Indian: 4 g3 sidelines, 4 g3 Ba6 and 4 g3 Bb7 early deviations.} exd5 7. cxd5 g6 8. e4 {[%emt 0:04:21] White is slightly better.} Bxf1 9. Kxf1 {[%emt 0:00:03][%cal Od5d6] Black should prevent d6!} Bg7 10. Nc3 d6 11. Nd2 O-O 12. Kg2 a6 13. a4 {[%emt 0:00:09] [#]} Nbd7 $146 ({Predecessor:} 13... Nfd7 14. Nc4 Ne5 15. Ne3 Qc7 16. f4 Ned7 17. h4 h5 18. e5 dxe5 19. f5 e4 20. Nxe4 {½-½ (41) Paciorkowski,L (2262)-Arjun,V (2296) Charlotte 2021}) 14. Nc4 Qc7 15. Bf4 Ne8 16. h4 Rb8 17. h5 b5 18. axb5 axb5 19. Na5 $36 {[%emt 0:00:45][%mdl 2048] White is on the roll. White is much more active. The black rooks are badly placed.} b4 20. Ne2 b3 21. Nxb3 ({White should try} 21. Qd2 $1) 21... Nef6 (21... f5 $16) 22. h6 $18 Bh8 23. Na5 {[%emt 0:00:33] Threatens to win with Nc6.} Rfe8 24. Nc6 Rb7 {[%emt 0:01:20] [#]} 25. Nc3 Nb8 26. Nxb8 ({White should play} 26. Na5 $18 Rb4 27. f3) 26... Qxb8 27. Ra2 Rb4 {[%emt 0:00:57] [#]} (27... Nh5 $14) 28. Rha1 $1 {[%emt 0:02:19][%cal Oa2a8] Black must now prevent Ra8!} Nh5 (28... Nxe4 $2 29. Ra8 Qxa8 30. Rxa8 Rxa8 31. Nxe4 $18) 29. Be3 Nf6 (29... Be5 $16 {is a better defense.} 30. Bd2 Nf6) 30. Ra8 ({But not} 30. f3 Nh5 $16) 30... Qxa8 (30... Qb7 $142 31. Rxe8+ Nxe8) 31. Rxa8 Rxa8 32. e5 Ng4 33. exd6 Nxe3+ 34. fxe3 {[%emt 0:00:03][%cal Bf2e3,Be3e4][%mdl 32] Strongly threatening d7.} Rd8 35. Nd1 Rb6 $2 (35... Be5 {is tougher.} 36. d7 (36. Qxc5 Bxd6 37. Qa5 Rdb8 $16) 36... Rxd7) 36. Qxc5 Rbxd6 37. e4 R6d7 38. b4 Be5 39. Ne3 Rc7 40. Qb6 {[%emt 0:00:24] Nc4 would kill now.} Ra8 41. Ng4 Rc2+ 42. Kh3 Rb8 43. Nf6+ (43. Qa7 $142 Rf8 44. Nxe5 Rc1 45. Nd7 Rd8 46. Nf6+ Kf8 47. Nxh7+ Ke8 48. Ng5) 43... Kh8 44. Qa7 {[%emt 0:00:38] White mates.} Rc3 45. Qxf7 Rxg3+ 46. Kh4 g5+ 47. Kh5 Rh3+ 48. Kxg5 Rg3+ 49. Kf5 Bxf6 50. Qxf6+ Kg8 51. Qe6+ Kf8 52. Qd6+ Ke8 {[%emt 0:01:54] Weighted Error Value: White=0.15 (very precise) /Black=0.71} 1-0

[Event "FISCA IM Round Robin 2022"]
[Site "Cap Aurora"]
[Date "2022.06.27"]
[Round "7.1"]
[White "Sanz Wawer, Daniel"]
[Black "Cosma, Ioan"]
[Result "1/2-1/2"]
[ECO "C42"]
[WhiteElo "2363"]
[BlackElo "2394"]
[Annotator "TA"]
[PlyCount "99"]
[EventDate "2022.06.22"]
[EventType "tourn"]
[EventCountry "ROU"]
[SourceTitle "playchess.com"]
[Source "ChessBase"]
[SourceQuality "1"]
[TimeControl "40/5400+30:900+30"]

1. e4 e5 2. Nf3 Nf6 3. Nxe5 d6 4. Nf3 Nxe4 5. Nc3 Nxc3 6. dxc3 Be7 7. Bf4 O-O 8. Qd2 Nd7 9. O-O-O Nc5 10. h4 {[%emt 0:06:34][%cal Bh2h4,Bh4h5,Bh5h6][%mdl 32] 10.Bc4 is a critical line. C42: Petroff Defence: 3 Nxe5 and unusual White 3rd moves.} Re8 11. Bc4 Be6 12. Bxe6 Nxe6 13. Be3 Qd7 14. Kb1 (14. Ng5 {looks sharper.} a5 15. Qd3 Nf8 16. Qd5) 14... Qc6 15. h5 Bf6 16. Rh3 Nc5 {[%emt 0:01:27] [#]} 17. h6 $146 ({Predecessor:} 17. g4 Ne4 18. Qd3 Qd7 19. Rg1 h6 20. Rh2 Qe7 21. g5 Nxg5 22. Nxg5 Bxg5 23. Rhg2 {1-0 (39) Sammour Hasbun,J (2449)-Fridman,D (2626) ICC INT 2007}) 17... g6 18. Bd4 Ne4 19. Qf4 Re6 20. Bxf6 Rxf6 21. Qe3 Re8 22. Nd4 ({Of course not} 22. Qxa7 b6 23. Nd4 Qd7 $15) 22... Qd7 (22... Nxf2 $2 23. Nxc6 Rxe3 24. Rxe3 $18) ({Better is} 22... Qd5 $11 23. f3 c5) 23. f3 $14 Nc5 24. Qd2 Ne6 25. g4 (25. c4 $14) 25... c5 $36 {[%emt 0:03:41][%mdl 2048] Black has good play.} 26. g5 {[%emt 0:14:52] [#]} Nxd4 $1 27. gxf6 {[%emt 0:02:06][%cal Od1e1] aiming for Re1!} (27. cxd4 {is more complex.} Qxh3 28. gxf6 c4 29. Qf4) 27... Qxh3 28. cxd4 cxd4 29. Qxd4 (29. Qf4 $11 {remains equal.}) 29... Qxh6 $17 30. Qxd6 $11 {[%emt 0:00:45][%mdl 4096] Endgame KQR-KQR} Qe3 31. f4 h5 32. f5 {[%emt 0:06:28] Against Qe6} (32. Qd7 $142) 32... g5 $17 33. a3 h4 (33... Qe5 $17 {Threatens to win with ...Qxd6.} 34. Qd7 Kf8) 34. Ka2 (34. Qd7 $11) 34... Qe4 (34... Qe5 $15 35. Qd7 Kf8) 35. Qd7 $1 $11 {[%emt 0:01:33] [#] Hoping for Rg1.} Rf8 36. Qe7 Qc6 (36... Qc4+ $11 {is superior.} 37. Ka1 Rc8) 37. Qe3 $1 $14 Qxf6 (37... Qc4+ $14 38. Kb1 Qf4 39. Qxf4 gxf4) 38. Rg1 $18 Rc8 39. Rxg5+ Kf8 40. Qg1 (40. Qf4 $142 {Strongly threatening Qb4+.} Ke7 41. Qb4+ (41. Qxh4 Rc5 $16) 41... Kd8 42. Qxh4) 40... Ke7 $16 (40... Rxc2 $2 41. Rg8+ Ke7 42. Qe3+ Kd6 43. Qd3+ Ke5 44. Qxc2 $18) 41. Qe1+ ({White should try} 41. Rg2 $16) 41... Kd7 $14 42. Qxh4 (42. Rg4 $14 Rc5 43. Rxh4) 42... Rxc2 $11 {[%emt 0:02:24][%csl Gc2][%cal Rf6b2] The position is equal.} 43. Qa4+ Qc6 44. Qd4+ Qd6 45. Qe4 Rxb2+ 46. Kxb2 Qf6+ 47. Kb3 Qxg5 48. Qxb7+ Ke8 49. Qc6+ Ke7 50. Qc5+ {[%emt 0:00:50] Weighted Error Value: White=0.18 (very precise) /Black=0.15 (very precise)} 1/2-1/2

[Event "FISCA IM Round Robin 2022"]
[Site "Cap Aurora"]
[Date "2022.06.27"]
[Round "7.2"]
[White "Antonica, Dragos-Andrei"]
[Black "Voiteanu, Gabriel"]
[Result "1/2-1/2"]
[ECO "A13"]
[WhiteElo "2355"]
[BlackElo "2189"]
[Annotator "TA"]
[PlyCount "49"]
[EventDate "2022.06.22"]
[EventType "tourn"]
[EventCountry "ROU"]
[SourceTitle "playchess.com"]
[Source "ChessBase"]
[SourceQuality "1"]
[TimeControl "40/5400+30:900+30"]

1. c4 c6 2. Nf3 d5 3. b3 Nf6 4. Bb2 e6 5. g3 Bd6 6. Bg2 {[%emt 0:01:05] A13: English Opening: 1...e6.} O-O 7. O-O Re8 8. d3 {[%emt 0:04:42] White is slightly better.} e5 9. Qc2 Bg4 10. Nbd2 {[%emt 0:07:09] [#]} Qd7 $146 ({Predecessor:} 10... Nbd7 11. h3 Bh5 12. g4 Bg6 13. Nh4 Rc8 14. Rac1 Qe7 15. cxd5 cxd5 16. Qxc8 Rxc8 17. Rxc8+ Nf8 18. Rfc1 N6d7 19. Nxg6 hxg6 {1-0 (46) Ram,S (2269)-Mahalakshmi,M (2041) Chennai 2012}) 11. Rfe1 a5 12. Rac1 (12. d4 {looks sharper.} e4 13. Ne5 Qf5 14. Nf1) 12... Na6 13. cxd5 cxd5 14. Nf1 Bh3 15. Bh1 (15. a3 $11 {was preferrable.}) 15... a4 16. bxa4 Nb4 17. Qb3 Qxa4 18. Qxa4 Rxa4 19. a3 Nc6 20. Ne3 Bxa3 21. Bxa3 Rxa3 22. Rb1 Bc8 23. Nd2 Ra2 24. Nb3 Rd8 25. Ra1 {[%emt 0:21:39] Weighted Error Value: White=0.14 (very precise) /Black=0.10 (very precise)} 1/2-1/2

[Event "FISCA IM Round Robin 2022"]
[Site "Cap Aurora"]
[Date "2022.06.27"]
[Round "7.3"]
[White "Cosman, Andreea-Marioara"]
[Black "Ciolacu, Alessia-Mihaela"]
[Result "1/2-1/2"]
[ECO "D31"]
[WhiteElo "2120"]
[BlackElo "2198"]
[Annotator "RC"]
[PlyCount "51"]
[EventDate "2022.06.22"]
[EventType "tourn"]
[EventCountry "ROU"]
[SourceTitle "playchess.com"]
[Source "ChessBase"]
[SourceQuality "1"]
[TimeControl "40/5400+30:900+30"]

1. d4 d5 2. c4 e6 3. Nc3 a6 4. cxd5 exd5 5. Bf4 c6 6. e3 Bd6 7. Bg3 Bf5 8. Qb3 Bxg3 9. hxg3 Ra7 10. Nh3 Nf6 11. Nf4 Nbd7 12. Be2 Qe7 13. Rc1 O-O 14. Na4 h6 15. Nd3 Ne4 16. Nac5 Re8 17. Nxe4 Bxe4 18. O-O Bxd3 19. Bxd3 Qg5 20. Rce1 a5 21. e4 a4 22. Qb4 dxe4 23. Bxe4 Nf6 24. Bf3 Rxe1 25. Rxe1 Qa5 26. Qc3 1/2-1/2

[Event "FISCA IM Round Robin 2022"]
[Site "Cap Aurora"]
[Date "2022.06.27"]
[Round "7.4"]
[White "Dev, Shah"]
[Black "Manolache, Marius"]
[Result "0-1"]
[ECO "E73"]
[WhiteElo "2292"]
[BlackElo "2481"]
[Annotator "TA"]
[PlyCount "80"]
[EventDate "2022.06.22"]
[EventType "tourn"]
[EventCountry "ROU"]
[SourceTitle "playchess.com"]
[Source "ChessBase"]
[SourceQuality "1"]
[TimeControl "40/5400+30:900+30"]

1. d4 Nf6 2. c4 g6 3. Nc3 Bg7 4. e4 d6 5. Be2 O-O 6. Be3 Na6 {[%emt 0:01:25] E73: King's Indian: Averbakh Variation without 6...c5.} 7. g4 (7. Nf3 $14) 7... c5 $11 {[%emt 0:00:24][%cal Of6g4] ...Nxg4! is the strong threat.} 8. d5 Qb6 {[%emt 0:01:37] [#] The position is equal.} 9. Na4 $146 (9. g5 {looks sharper.} Nxe4 10. Nxe4 Qxb2 11. Rc1) ({Predecessor:} 9. g5 Ng4 10. Bd2 f5 11. exf5 gxf5 12. Na4 Qc7 13. Nh3 e6 14. Nc3 Qf7 15. Qb3 {1-0 (30) Sulskis,S (2525)-Sepp,O (2434) Finland 2017}) 9... Qa5+ 10. Bd2 Qd8 11. Nc3 b5 12. cxb5 (12. g5 $5 b4 13. gxf6 bxc3 14. fxg7 cxd2+ 15. Qxd2 Kxg7 16. O-O-O $14) 12... Nc7 13. g5 Nd7 14. Nf3 e6 15. Bf4 (15. dxe6 $1 $11 {keeps the balance.} fxe6 16. h4) 15... exd5 $17 16. Nxd5 Nxd5 (16... Re8 $17 17. Nxc7 (17. Bxd6 $2 Nxd5 18. Qxd5 Nb6 $17) 17... Qxc7) 17. Qxd5 $11 Nb6 18. Qd2 (18. Qxd6 $11 {was the only way to keep the balance.} Bxb2 19. Rb1 Bc3+ 20. Nd2) 18... Re8 $17 {[%emt 0:03:43][%mdl 1024] Black has strong compensation.} 19. Qc2 (19. Bxd6 Rxe4 20. Bxc5 Qe8 $19) 19... Bb7 20. Nd2 Qe7 (20... f5 $142 {[%cal Re8e4] Hoping for ...Rxe4.} 21. O-O-O fxe4) 21. O-O-O $2 {[%emt 0:08:55] Now White is beyond hope.} (21. O-O $17) 21... c4 $19 {[%emt 0:02:26] And now ...Rac8 would win.} (21... Bxe4 22. Nxe4 Qxe4 23. Qxe4 Rxe4 24. Be3 $15) 22. Rhe1 Rac8 23. e5 $2 (23. Nb1 Bxe4 24. Bf3 Bxc2 25. Rxe7 Bxd1 26. Rxe8+ Rxe8 27. Bxd1) 23... c3 24. bxc3 dxe5 25. Be3 Qa3+ 26. Qb2 Rxc3+ 27. Kb1 Qxb2+ 28. Kxb2 Na4+ 29. Kb1 Rcc8 {[%emt 0:03:42] White must now prevent ...Nc3+.} 30. Rc1 Nc3+ 31. Kb2 e4 32. Kb3 Nxe2 33. Rxc8 Rxc8 ({Weaker is} 33... Bxc8 34. Rxe2 Bg4 35. Re1 $15) 34. Rxe2 Bd5+ 35. Ka4 (35. Kb4 $142) 35... Rc2 ({Inferior is} 35... Bxa2 36. Nxe4 Rc4+ 37. Ka3 Rxe4 38. Rxa2 $11) 36. a3 a6 $1 (36... Bc3 37. Nb1 $1 Rxe2 38. Nxc3 Rxe3 39. fxe3 $18) 37. bxa6 $2 {[%emt 0:01:16] [#]} (37. Ka5 axb5 38. Kxb5) 37... Rb2 $1 {[%emt 0:00:09] ( -> ...Bc6+)} 38. Bc5 Bc6+ {[%emt 0:00:08] A strong pair of Bishops. Black mates.} 39. Ka5 Rb5+ 40. Ka4 Rb8+ $2 {[%emt 0:00:45][%mdl 32768] Weighted Error Value: White=0.82/Black=0.11 (very precise) . Loss on time!?} (40... Bc3 {mates} 41. Bb4 Rxb4+ 42. Ka5 Rb8#) 0-1

[Event "FISCA IM Round Robin 2022"]
[Site "Cap Aurora"]
[Date "2022.06.27"]
[Round "7.5"]
[White "Srinath, Rao S.V."]
[Black "Buzbuchi, Ionut"]
[Result "1-0"]
[ECO "B22"]
[WhiteElo "2316"]
[BlackElo "2301"]
[Annotator "TA"]
[PlyCount "83"]
[EventDate "2022.06.22"]
[EventType "tourn"]
[EventCountry "ROU"]
[SourceTitle "playchess.com"]
[Source "ChessBase"]
[SourceQuality "1"]
[TimeControl "40/5400+30:900+30"]

1. e4 c5 2. c3 Nf6 3. e5 Nd5 4. d4 cxd4 5. Nf3 Nc6 6. cxd4 d6 7. Bc4 Nb6 8. Bb3 dxe5 9. d5 Na5 10. Nc3 Nxb3 11. Qxb3 e6 12. Nxe5 Bd6 {[%emt 0:00:06] B22: Sicilian: 2 c3.} 13. Qb5+ Kf8 14. Nf3 exd5 {[%emt 0:00:09] The position is equal.} 15. Be3 Be6 16. O-O {[%emt 0:03:38][%mdl 1024] White has compensation.} h5 {[%emt 0:00:10] [#]} 17. Nd4 $146 ({Predecessor:} 17. Rfd1 h4 18. Ng5 Kg8 19. h3 Rh5 20. Nge4 Nc4 21. Nxd6 Nxd6 22. Qe2 Re5 23. Qd3 {0-1 (70) Spence,D (2237)-Nemcova,K (2287) Cesky Krumlov 2010}) 17... Kg8 18. Rae1 Bd7 {[%emt 0:31:22] A strong pair of Bishops.} (18... Qh4 19. g3 Qd8 20. Nxe6 fxe6 21. Bxb6 Qxb6 22. Rxe6 Qxb5 23. Nxb5 $16) 19. Qd3 Qf6 20. a4 Be6 (20... Nxa4 $11 21. Nxd5 Qg6 22. Qxg6 fxg6) 21. f4 (21. Nxe6 $16 fxe6 22. Bxb6 axb6 23. Nxd5 $1 Bxh2+ 24. Kxh2 exd5 25. Qxd5+ Qf7 26. Re6) 21... Rd8 (21... Bb4 $11) 22. Kh1 $1 $16 Bb4 (22... Bc7 $16 {might work better.}) 23. f5 $1 $18 Bc8 {[%emt 0:00:13] [#]} 24. Bf4 $2 (24. Ne6 $1 $18 {[%mdl 512] Threatens to win with Bg5.} fxe6 25. fxe6) 24... Nc4 $14 25. b3 (25. Nxd5 Rxd5 26. Qxc4 Qxd4 $15) 25... Bc5 (25... Kh7 $14) 26. Ncb5 ({Better is} 26. Ne6 $1 $16 fxe6 27. fxe6) 26... a6 27. bxc4 (27. Ne6 $1 $14 fxe6 28. fxe6) 27... axb5 $11 28. Be5 Qb6 {[%emt 0:00:39][%mdl 8192] [#]} (28... bxc4 29. Bxf6 cxd3 30. Bxd8 $14) (28... dxc4 $11 {and Black stays safe.} 29. Bxf6 cxd3 30. Bxd8 Bxd4) 29. Qg3 $2 Bf8 $2 {[%emt 0:02:56] [#]} (29... Qh6 $16 {was called for.}) 30. f6 (30. cxb5 h4 31. Qf4 Qh6 32. Qxh6 Rxh6 $18) (30. Ne6 $142 $1 Bxe6 31. Bc7) 30... g6 $18 31. Bc7 {[%emt 0:00:18] 0x0.0022fc2d41f1dp-1022s more active pieces. The black rooks are badly placed.} (31. cxb5 h4 32. Qf4 Bh6) (31. Nf3 $1 $16 {Hoping for Bc7.} Qc5 32. cxb5) 31... Qxd4 $11 32. Bxd8 h4 $1 $36 {[%emt 0:02:31][%mdl 2048] Black is more active.} 33. Qe5 Qxe5 34. Rxe5 bxc4 35. Rxd5 Be6 36. Rb5 h3 37. Rd1 {[%emt 0:04:06] And now Ba5 would win.} (37. Rxb7 $2 hxg2+ 38. Kxg2 Bd5+ 39. Kf2 Rxh2+ 40. Ke1 Bxb7 $19) 37... hxg2+ (37... c3 $5 38. Rc1 Bd7 39. Rxc3 (39. Rxb7 $2 hxg2+ 40. Kg1 Bc5+ 41. Kxg2 Bc6+ 42. Kf1 Bxb7 $19) 39... Bxb5 40. axb5 Rh5 $11) 38. Kxg2 {[%emt 0:00:04] Black must now prevent Be7.} Rh4 {[%emt 0:01:24] [#]} ({Black should try} 38... c3 $14) 39. Re5 ({Reject} 39. Rxb7 $6 c3 40. Rc7 Rg4+ 41. Kf2 Rf4+ 42. Kg3 Rg4+ 43. Kf2 Rf4+ 44. Kg3 Rg4+ 45. Kf3 Rxa4 $11) (39. Ba5 $1 $16 {aiming for Rd8.} Bh6 40. Rd8+ (40. Rxb7 Rg4+ 41. Kf2 Rf4+ 42. Kg3 Rg4+ 43. Kf3 Rf4+ 44. Kg2 Rg4+ 45. Kf3 Rf4+ 46. Kg3 Rg4+ 47. Kf3 $14) 40... Kh7 41. Rxb7) 39... Bh6 $2 {[%emt 0:02:33][%mdl 8192] [#]} (39... Bg4 $11 40. Rdd5 Be6) 40. Rxe6 $1 $18 Kh7 (40... g5 41. Re8+) 41. Kg1 $2 Bf8 $2 (41... fxe6 $14 42. Rd7+ Kh8) 42. Re5 {Weighted Error Value: White=0.71/Black=0.58} 1-0

[Event "FISCA IM Round Robin 2022"]
[Site "Cap Aurora"]
[Date "2022.06.28"]
[Round "8.1"]
[White "Cosma, Ioan"]
[Black "Buzbuchi, Ionut"]
[Result "1-0"]
[ECO "A39"]
[WhiteElo "2394"]
[BlackElo "2301"]
[Annotator "TA"]
[PlyCount "55"]
[EventDate "2022.06.22"]
[EventType "tourn"]
[EventCountry "ROU"]
[SourceTitle "playchess.com"]
[Source "ChessBase"]
[SourceQuality "1"]
[TimeControl "40/5400+30:900+30"]

1. Nf3 c5 2. c4 g6 3. d4 cxd4 4. Nxd4 Nf6 5. Nc3 Nc6 6. g3 Bg7 7. Bg2 O-O 8. O-O Nxd4 9. Qxd4 d6 10. Qd3 Qa5 11. Bd2 Qh5 12. h4 {[%emt 0:00:45] A39: Symmetrical English vs ...g6: 4 Bg2 Bg7 5 Nf3 Nf6 6 0-0 0-0 7 d4.} h6 13. Bf3 Bg4 {[%emt 0:03:02] [#]} 14. b3 $146 {[%emt 0:05:12] White has an edge.} (14. Bxb7 Rab8 15. Bf3 Rxb2 $15) ({Predecessor:} 14. Kg2 Bxf3+ 15. Qxf3 Qxf3+ 16. Kxf3 Rac8 17. b3 Nd7 18. Rac1 Bxc3 19. Bxc3 f5 20. Rfd1 {0-1 (39) Kavan,Z (2190)-Markovic,I (2195) Czech Republic 2006}) 14... Bxf3 15. exf3 Nd7 16. Kg2 Rac8 ({Better is} 16... Ne5 $14 17. Qe3 Nc6) 17. Rae1 (17. Nd5 $1 $16 Ne5 18. Nxe7+ Kh7 19. Qe4 (19. Qxd6 $2 Qxf3+ 20. Kh3 Rcd8 $19)) 17... Rfe8 18. Nd5 e6 $1 19. Nc3 Nc5 20. Qe2 (20. Qxd6 Rcd8 21. Qf4 Nd3 $17) 20... a6 {[%emt 0:01:11] Inhibits Nb5.} (20... Red8 $14) 21. b4 $1 $36 {[%emt 0:08:38][%mdl 2048] White is on the roll.} Nd7 22. Ne4 Bf8 23. g4 Qe5 24. g5 ({White should try} 24. Bc3 $14 Qf4 25. Bd2) 24... Bg7 $2 {[%emt 0:03:05][%mdl 8192] [#]} (24... Qb2 $11 25. Qd3 (25. gxh6 Qxa2 26. h7+ Kxh7 $11) 25... Qxa2 26. Nxd6 Bxd6 27. Qxd6 Nb6 $1 28. Qxb6 Qxd2) 25. f4 $1 $18 ({Not} 25. gxh6 Bf8 $16) 25... Qd4 26. Bc3 Qxc4 27. Qxc4 Rxc4 28. Bxg7 {[%emt 0:00:07] Weighted Error Value: White=0.23 (precise) /Black=0.47} ({And not} 28. Nxd6 Bxc3 29. Re3 Rxf4 $11) 1-0

[Event "FISCA IM Round Robin 2022"]
[Site "Cap Aurora"]
[Date "2022.06.28"]
[Round "8.2"]
[White "Manolache, Marius"]
[Black "Srinath, Rao S.V."]
[Result "1/2-1/2"]
[ECO "D78"]
[WhiteElo "2481"]
[BlackElo "2316"]
[Annotator "TA"]
[PlyCount "94"]
[EventDate "2022.06.22"]
[EventType "tourn"]
[EventCountry "ROU"]
[SourceTitle "playchess.com"]
[Source "ChessBase"]
[SourceQuality "1"]
[TimeControl "40/5400+30:900+30"]

1. d4 Nf6 2. Nf3 g6 3. Nbd2 d5 4. g3 Bg7 5. Bg2 O-O 6. O-O a5 7. c4 {[%emt 0:02:41] 7.a4 injects fresh life into this line.} c6 8. b3 Na6 {[%emt 0:04:17][%cal Bb8a6,Ba6b4,Bb4a2][%mdl 32] D78: Fianchetto Grünfeld: 6 0-0 c6.} 9. Bb2 h6 {[%emt 0:00:46] [#]} 10. Rc1 $146 ({Predecessor:} 10. a3 Be6 11. Qc2 Rc8 12. Rac1 c5 13. Qd1 Ne4 14. Nxe4 dxe4 15. Ne5 cxd4 16. Qxd4 {1-0 (27) Krol,M (1519)-Grzelachowski,P Poznan 2012}) 10... Be6 {[%emt 0:01:18] White is slightly better.} 11. Ne5 Nd7 12. Nd3 Nb4 13. Nf4 $1 Nxa2 14. Ra1 Nb4 15. Nxe6 fxe6 16. Nf3 {[%emt 0:01:31] Against e5} c5 17. Qb1 Qe8 18. Bh3 Ra6 19. dxc5 Nxc5 20. Bxg7 Kxg7 21. Qb2+ Kh7 22. Bg2 Qf7 23. Ne5 Qf5 24. cxd5 exd5 25. Rac1 b6 26. f4 e6 ({Better is} 26... Qe6 $15) 27. g4 $11 {[%emt 0:18:57][%mdl 1024] White has compensation.} Qf6 28. Rc3 ({White should play} 28. Qb1 $11) 28... Qg7 $1 $15 29. h4 (29. g5 $11) 29... Ra7 30. Qb1 Nd7 {[%emt 0:06:35] Pair of Knights!} 31. h5 $1 Kg8 32. Re3 ({Of course not} 32. Qxg6 Nxe5 33. fxe5 Qxg6 34. hxg6 Rxf1+ 35. Bxf1 Kg7 $17) (32. Nxd7 $11 Rxd7 33. Qxg6) 32... gxh5 {[%emt 0:04:20] [#] aiming for ...Nxe5.} (32... Nxe5 {keeps more tension.} 33. Rxe5 Re7 34. Qxg6 Qxg6 35. hxg6 Kg7) 33. Nxd7 {[%emt 0:00:46] The position is equal.} Rxd7 34. Rxe6 {[%emt 0:00:08] Strongly threatening Rg6.} Rf6 {[%emt 0:00:53] Inhibits Rg6.} (34... hxg4 $2 35. Rg6 $18) 35. Rxf6 Qxf6 36. gxh5 Rg7 37. Rf3 Nc6 38. Qd3 Ne7 39. Rg3 Qxf4 40. Bxd5+ Kh8 41. Rxg7 {[%emt 0:15:17] Really sharp!} Kxg7 $11 {[%emt 0:15:16][%mdl 4096] Endgame KQB-KQN} 42. Bf3 Kf6 43. Qd8 Qe3+ 44. Kg2 Qg5+ 45. Kf1 Qc1+ 46. Kg2 {[%emt 0:00:06] [#] Threatens to win with Qf8+.} Qg5+ 47. Kf1 Qc1+ {[%emt 0:00:06] Weighted Error Value: White=0.08 (flawless) /Black=0.08 (flawless)} 1/2-1/2

[Event "FISCA IM Round Robin 2022"]
[Site "Cap Aurora"]
[Date "2022.06.28"]
[Round "8.3"]
[White "Ciolacu, Alessia-Mihaela"]
[Black "Dev, Shah"]
[Result "0-1"]
[ECO "D12"]
[WhiteElo "2198"]
[BlackElo "2292"]
[Annotator "TA"]
[PlyCount "86"]
[EventDate "2022.06.22"]
[EventType "tourn"]
[EventCountry "ROU"]
[SourceTitle "playchess.com"]
[Source "ChessBase"]
[SourceQuality "1"]
[TimeControl "40/5400+30:900+30"]

1. d4 d5 2. c4 c6 3. Nf3 Nf6 4. e3 Bf5 5. Nc3 e6 6. Nh4 Be4 7. f3 Bg6 8. Qb3 Qc7 9. g3 {[%emt 0:07:03] D12: Slav Defence: 3 Nf3 Nf6 4 e3 Bf5.} Be7 10. Bd2 O-O 11. Nxg6 {[%emt 0:01:13] White has an edge.} hxg6 12. Rc1 dxc4 13. Bxc4 a6 14. Be2 b5 15. O-O Nbd7 16. Kg2 c5 17. e4 Qa7 ({Not} 17... cxd4 {[#]} 18. Nd5 $1 Qd8 19. Nxe7+ Qxe7 20. Bb4 $16) 18. dxc5 Bxc5 19. Rfd1 {[%emt 0:07:04] [#]} Bd4 $146 (19... Rfc8 $11) ({Predecessor:} 19... Ne5 20. Bf4 Nc6 21. Rd2 e5 22. Bg5 Nh7 23. Nd5 Nxg5 24. Qc3 Ne6 25. b4 Nxb4 26. Nxb4 {0-1 (36) Perunovic,M (2436)-Pershin,D (2400) Skopje 2018}) 20. Bf4 ({Better is} 20. a4 $14) 20... e5 21. Bg5 Nc5 22. Qc2 (22. Qa3 $5 ) 22... Rac8 (22... Ne6 $5 23. Bxf6 gxf6 $11) 23. Bxf6 gxf6 24. Nd5 Kg7 25. b4 Na4 26. Qxc8 Rxc8 27. Rxc8 Nb6 28. Nxb6 Qxb6 29. Rc2 Qd6 30. Rb1 Ba7 31. Rcc1 $2 (31. a3 $11) 31... Qd2 $1 $19 32. Re1 Qxa2 33. Ra1 Qd2 34. Kh1 (34. Rad1 $142 Qxb4 35. Rb1) 34... Bf2 {[%emt 0:01:27] Black is clearly winning.} 35. Rad1 Qh6 {[%emt 0:00:07] [#] ( -> ...Bxg3)} ({Weaker is} 35... Bxe1 36. Rxd2 Bxd2 37. Kg2 $17) 36. Rg1 Bxg1 37. Kxg1 {[%emt 0:00:02][%mdl 4096] Endgame KQ-KRB} Qe3+ 38. Kf1 Qb3 39. Ra1 Qxb4 40. Rxa6 Qb1+ 41. Kg2 b4 {[%emt 0:15:03][%cal Bb5b4,Bb4b3][%mdl 32] And now ...Qc2 would win.} 42. Kh3 b3 43. Bc4 Qc2 {[%emt 0:00:02] Weighted Error Value: White=0.86/Black=0.27 (precise)} (43... Qc1 $142 44. Rc6 b2) 0-1

[Event "FISCA IM Round Robin 2022"]
[Site "Cap Aurora"]
[Date "2022.06.28"]
[Round "8.4"]
[White "Voiteanu, Gabriel"]
[Black "Cosman, Andreea-Marioara"]
[Result "0-1"]
[ECO "E76"]
[WhiteElo "2189"]
[BlackElo "2120"]
[Annotator "RC"]
[PlyCount "64"]
[EventDate "2022.06.22"]
[EventType "tourn"]
[EventCountry "ROU"]
[SourceTitle "playchess.com"]
[Source "ChessBase"]
[SourceQuality "1"]
[TimeControl "40/5400+30:900+30"]

1. d4 Nf6 2. c4 c5 3. d5 e6 4. Nc3 d6 5. e4 g6 6. f4 Bg7 7. Bd3 exd5 8. Nxd5 Nxd5 9. exd5 O-O 10. Ne2 Qh4+ 11. g3 Qh3 12. Kf2 Re8 13. Qf1 Qd7 14. h3 Na6 15. Nc3 Nc7 16. a4 Na6 17. f5 Nb4 18. Bb1 Qe7 19. h4 Bxf5 20. Bxf5 gxf5 21. Bf4 Nc2 22. Rd1 Ne3 23. Bxe3 Qxe3+ 24. Kg2 Bxc3 25. bxc3 Re5 26. Rd3 Qe4+ 27. Rf3 Rae8 28. h5 Qc2+ 29. Kh3 h6 30. a5 Re2 31. Rxf5 Re1 32. Rh2 Rxf1 0-1